 Dungeon Crawl Stone Soup version 0.27-a0-797-g27d10ad80f (webtiles) character file.

Game seed: 12956508990506778506

46 polve the Slasher (level 3, 0/29 HPs)
             Began as a Demonspawn Abyssal Knight on Mar 27, 2021.
             Was a Follower of Lugonu.
             Slain by an adder (1 damage)
             ... on level 2 of the Dungeon.
             The game lasted 00:01:12 (1884 turns).

polve the Slasher (Demonspawn Abyssal Knight)       Turns: 1884, Time: 00:01:13

Health: 0/29       AC:  3    Str:  9 (12) XL:     3   Next: 44%
Magic:  4/4        EV: 11    Int: 12 (14) God:    Lugonu [*.....]
Gold:   77         SH:  0    Dex:  9 (12) Spells: 2/2 levels left

rFire    . . .     SeeInvis .   a - +1 falchion
rCold    . . .     Faith    .   (no shield)
rNeg     . . .     Spirit   .   b - +0 leather armour
rPois    .         Reflect  .   (helmet restricted)
rElec    .         Harm     .   (no cloak)
rCorr    .         Rampage  .   (no gloves)
Will     .....                  (no boots)
Stlth    +.........             (no amulet)
HPRegen  0.09/turn              (no ring)
MPRegen  0.09/turn              (no ring)

@: mighty
A: antennae 1
a: Renounce Religion, Depart the Abyss


You were on level 2 of the Dungeon.
You worshipped Lugonu.
Lugonu was aware of your devotion.
You visited 1 branch of the dungeon, and saw 2 of its levels.
You visited the Abyss 1 time.

You collected 77 gold pieces.

Inventory:

Hand Weapons
 a - a +1 falchion (weapon)
Armour
 b - a +0 leather armour (worn)
Scrolls
 e - a scroll of enchant weapon {unknown}
 f - a scroll of identify {unknown}
Potions
 c - 2 potions of degeneration


   Skills:
 - Level 3.0 Fighting
 + Level 3.5 Long Blades
 - Level 1.7 Armour
 - Level 0.8 Dodging
 - Level 2.4 Invocations


You had 2 spell levels left.
You didn't know any spells.
Your spell library was empty.

Dungeon Overview and Level Annotations

Branches:
Dungeon (2/15)

Altars:

Shops:
D:1 [


Innate Abilities, Weirdness & Mutations

You have a pair of small antennae on your head.


Message History

You hit the adder but do no damage.
The adder is lightly wounded.
The adder completely misses you.
You riposte.
You closely miss the adder.
The adder is lightly wounded.
It was a potion of degeneration.
There was something very wrong with that liquid.
You feel weakened.
You feel dopey.
You feel clumsy.
You feel sick. The adder completely misses you.
You barely miss the adder.
The adder is lightly wounded.
You feel sick.
You are no longer poisoned.
The adder bites you.
* * * LOW HITPOINT WARNING * * *
The adder barely misses you.
You closely miss the adder.
The adder is lightly wounded.
The adder barely misses you.
It was a potion of magic.
Magic courses through your body. The adder barely misses you.
You miss the adder.
The adder is lightly wounded.
The adder bites you.
* * * LOW HITPOINT WARNING * * *
The adder bites you but does no damage.
You closely miss the adder.
The adder is lightly wounded.
The adder closely misses you.
You riposte.
You closely miss the adder.
The adder is lightly wounded.
You miss the adder.
The adder is lightly wounded.
The adder bites you but does no damage. x2
It was a potion of might.
You feel very mighty all of a sudden. The adder bites you.
* * * LOW HITPOINT WARNING * * *
You barely miss the adder.
The adder is lightly wounded.
The adder bites you.
You die... ...###########.. ......÷S@....... ...###########..

You could see an adder.

Vanquished Creatures
  2 ball pythons (D:1)
  8 bats
  5 endoplasms (D:1)
  2 giant cockroaches (D:1)
  A goblin (D:1)
  A hobgoblin (D:1)
  7 jackals
  4 kobolds (D:1)
  3 quokkas
  3 frilled lizards
  A rat (D:1)
37 creatures vanquished.

Notes
Turn   | Place    | Note
-------+----------+-------------------------------------------
     0 | Abyss:1  | polve the Demonspawn Abyssal Knight began the quest for the
                  | Orb.
     0 | Abyss:1  | Reached XP level 1. HP: 18/18 MP: 2/2
    68 | Abyss:1  | Noticed a large abomination
    69 | D:1      | Escaped the Abyss
    84 | D:1      | Noticed an ogre
    84 | D:1      | Noticed a naga
    86 | D:1      | Noticed a barachi
    86 | D:1      | Noticed a ghoul
    88 | D:1      | Noticed a vine stalker
    88 | D:1      | Noticed a draconian
    90 | D:1      | Noticed a troll
    90 | D:1      | Noticed a palentonga
    92 | D:1      | Noticed an octopode
    94 | D:1      | Noticed a tengu
    94 | D:1      | Noticed a formicid
    96 | D:1      | Noticed a felid
    96 | D:1      | Noticed a dwarf
    98 | D:1      | Noticed a human
   100 | D:1      | Noticed a spriggan
   100 | D:1      | Noticed a demonspawn
   102 | D:1      | Noticed a demigod
   102 | D:1      | Noticed a centaur
   105 | D:1      | Noticed a gargoyle
   107 | D:1      | Noticed a minotaur
   107 | D:1      | Noticed an elf
   109 | D:1      | Noticed a vampire
   109 | D:1      | Noticed a merfolk
   197 | D:1      | Reached * piety under Lugonu
   213 | D:1      | Found Istit's Armour Emporium.
   232 | D:1      | Gained mutation: You have a pair of small antennae on your
                  | head. [demonic ancestry]
   232 | D:1      | Reached XP level 2. HP: 24/24 MP: 3/3
  1203 | D:1      | Reached XP level 3. HP: 29/29 MP: 4/4
  1883 | D:2      | HP: 1/29 [adder (4)]
  1884 | D:2      | Slain by an adder

Illustrated notes

Levels and vault maps discovered:
D:1:      kb_arrival_jail, layout_basic, serial_shops,
          nicolae_shop_behind_doors, hangedman_glass_teeth
D:2:      layout_loops_corners, minmay_tiny_reverse_x, uniq_crazy_yiuf_cottage

Skill      XL: |  1  2 |
---------------+-------+-----
Long Blades    | 2 3 |  3.5
Fighting       | |  3.0
Armour         | |  1.7
Dodging        | |  0.8
Invocations    | |  2.4

Action                   || total
-------------------------++-------
Melee: Falchion          ||   114
Invok: Depart the Abyss  ||     1
  Use: Potion            ||     3
 Stab: Sleeping          ||     1
Armor: Leather armour    ||    51
Dodge: Dodged            ||   103
       Rpst.: Falchion   ||    29

Table legend: (Time is in decaauts)
 A = Elapsed time spent in this place.
 B = Non-inter-level travel time spent in this place.
 C = Inter-level travel time spent in this place.
 D = Time resting spent in this place.
 E = Time spent auto-exploring this place.
 F = Levels seen in this place.
 G = Mean time per level.
                   A        B        C        D        E       F      G
               +--------+--------+--------+--------+--------+-----+--------+
         Total |   1901 |   1874 |     27 |      0 |   1635 |   3 |  633.7 |
       Dungeon |   1832 |   1805 |     27 |      0 |   1568 |   2 |  916.0 |
         Abyss |     69 |     69 |      0 |      0 |     67 |   1 |   69.0 |
               +--------+--------+--------+--------+--------+-----+--------+

Top non-repeatable levels by time:
     D:1: 1601 daAuts
     D:2: 231 daAuts
 Abyss:1: 69 daAuts
